 Dungeon Crawl Stone Soup version 0.29.1-13-g9f3cf754e1 (webtiles) character file.

Game seed: 15705947168562840667

506 javelincjr the Magician (level 7, -5/46 HPs)
             Began as a Djinni Conjurer on Feb 6, 2023.
             Slain by a killer bee (8 damage)
             ... on level 4 of the Dungeon.
             The game lasted 00:08:03 (2987 turns).

javelincjr the Magician (Djinni Conjurer)           Turns: 2987, Time: 00:08:04

Health: -5/46      AC:  2    Str:  8    XL:     7   Next: 41%
Gold:   218        EV: 12    Int: 19    God:
                   SH:  0    Dex: 12

rFire   + + .      SeeInvis .   e - +2 dagger (venom)
rCold   x . .      Faith    .   (no shield)
rNeg    . . .      Spirit   .   a - +0 robe
rPois   ∞          Reflect  .   (no helmet)
rElec   .          Harm     .   (no cloak)
rCorr   .          Rampage  .   (no gloves)
Will    .....                   (boots unavailable)
Stlth   ++........              (no amulet)
HPRegen 0.15/turn               (no ring)
MPRegen 0.00/turn               (no ring)

@: flying
A: sickness immunity, fire resistance 2, cold vulnerability 1, float, innate
caster, HP casting, extra vitality 1
a: no special abilities


You were on level 4 of the Dungeon.
You visited 1 branch of the dungeon, and saw 4 of its levels.

You collected 218 gold pieces.

Inventory:

Hand Weapons
 b - a +0 short sword
 e - a +2 dagger of venom (weapon)
Missiles
 c - 27 stones
 h - a throwing net
Armour
 a - a +0 robe (worn)
 p - a +4 scale mail of cold resistance
Wands
 t - a wand of digging (1)
Scrolls
 d - 4 scrolls of teleportation {unknown}
 g - a scroll of silence {unknown}
 i - 3 scrolls of identify {unknown}
 j - 3 scrolls of amnesia {unknown}
 l - 3 scrolls of noise {unknown}
 n - a scroll of vulnerability {unknown}
 q - a scroll of blinking {unknown}
 r - a scroll of brand weapon {unknown}
Potions
 f - a potion of curing {unknown}
 k - a potion of ambrosia {unknown}
 m - a potion of mutation {unknown}
 o - a potion of might {unknown}
 s - a potion of attraction {unknown}


   Skills:
 + Level 0.4 Fighting
 + Level 0.6 Short Blades
 + Level 2.8 Dodging
 + Level 2.5 Stealth
 + Level 6.0 Spellcasting


You couldn't memorise any spells.
You knew the following spells:

 Your Spells              Type           Power      Damage    Failure   Level
a - Magic Dart            Conj           100%       1d8       1%          1
b - Searing Ray           Conj           56%        2d6       1%          2
c - Dazzling Flash        Conj/Hex       56%        N/A       2%          3
d - Fulminant Prism       Conj/Hex       14%        3d9       10%         4
e - Iskenderun's Mystic   Conj/Tloc      28%        2d7       10%         4
f - Foxfire               Conj/Fire      100%       2x1d9     1%          1
g - Static Discharge      Conj/Air       28%        3-7/arc   1%          2
h - Portal Projectile     Hex/Tloc       56%        N/A       2%          3
Your spell library was empty.

Dungeon Overview and Level Annotations

Branches:
Dungeon (4/15)
 Temple: D:4-7

Altars:
Gozag
Yredelemnul
Zin


Innate Abilities, Weirdness & Mutations

You are immune to sickness and miasma.
You are immune to poison.
Your flesh is very heat resistant. (rF++)
You are vulnerable to cold. (rC-)
You float through the air rather than walking.
You learn spells naturally, not from books.
Your magical power is your life essence.
You have superior vitality. (+4 MHP)


Message History

Aim: a killer bee (58% to hit)
The searing ray hits the killer bee.
The killer bee is moderately wounded. (Press . to maintain the ray.)
A killer bee comes into view.
The searing ray hits the killer bee!
The killer bee is severely wounded.
The killer bee stings you.
The searing ray hits the killer bee.
You kill the killer bee!
Casting: Searing Ray (safe; 1% risk of failure)
Confirm with . or Enter, or press ? or * to list all spells.
The spell is quite dangerous to miscast (11% risk of failure)!
Continue anyway?
Aiming: Fulminant Prism (quite dangerous; 11% risk of failure)
Press: ? - help, Dir - move target You conjure a prism of explosive energy!
A fulminant prism comes into view.
A killer bee comes into view.
You hit the killer bee.
The killer bee is lightly wounded.
The killer bee barely misses you. The killer bee stings you!
Your fulminant prism crackles loudly.
You closely miss the killer bee. The killer bee misses you.
The killer bee stings you.
* * * LOW HITPOINT WARNING * * *
The killer bee stings you.
* * * LOW HITPOINT WARNING * * *
Your fulminant prism explodes!
The blast of energy engulfs the killer bee!!
You kill the killer bee!
The blast of energy engulfs the killer bee!!
You kill the killer bee!
The blast of energy engulfs the killer bee!
The killer bee is almost dead.
You hear an angry hiss.
You hear a shout! x5
Your Spellcasting skill increases to level 6!
You barely miss the killer bee. The killer bee stings you.
* * * LOW HITPOINT WARNING * * *
The killer bee stings you but does no damage.
The killer bee barely misses you. The killer bee stings you!
You die...

.. ##....# #..# .....
#.#....# ..# .....
#..<...# #.###....=
+......# #......#
##.####.#####...)..#
.....##.#.##.......#
...................##
####...#........y...#
#.. #....##†y@..## #.
#...#####...# # ##...
...## ##... ....#
####.#.... ..###.##
.. .# #. .#


You could see 2 killer bees.

Vanquished Creatures
  A black bear (D:3)
  An ogre (D:2)
  Blork the orc (D:4)
  A scorpion (D:4)
  3 killer bees (D:4)
  An adder (D:2)
  4 worms
  3 dart slugs
  An orc (D:3)
  7 bats
  6 endoplasms
  3 giant cockroaches
  4 goblins
  4 hobgoblins
  A quokka (D:2)
  4 ball pythons
  2 frilled lizards
  4 kobolds
  4 rats
55 creatures vanquished.

Vanquished Creatures (others)
  33 foxfires (D:3)
  2 fulminant prisms (D:4)
  3 plants (D:4)
38 creatures vanquished.

Grand Total: 93 creatures vanquished

Notes
Turn   | Place    | Note
-------+----------+-------------------------------------------
     0 | D:1      | javelincjr the Djinni Conjurer began the quest for the Orb.
     0 | D:1      | javelincjr set off with the following spells memorised:
                  | Magic Dart, Searing Ray, Dazzling Flash, Fulminant Prism,
                  | Iskenderun's Mystic Blast.
     0 | D:1      | Reached XP level 1. HP: 15/15 MP: 0/0
   290 | D:1      | Reached XP level 2. HP: 18/21 MP: 0/0
   751 | D:1      | Found a faded altar of an unknown god.
  1106 | D:2      | Reached XP level 3. HP: 16/25 MP: 0/0
  1106 | D:2      | Learned a level 1 spell: Foxfire
  1376 | D:2      | Found a basalt altar of Yredelemnul.
  1438 | D:2      | Reached skill level 4 in Spellcasting
  1546 | D:2      | Noticed an ogre
  1552 | D:2      | Killed an ogre
  1553 | D:2      | Reached XP level 4. HP: 24/31 MP: 0/0
  1553 | D:2      | Reached XP level 5. HP: 27/35 MP: 0/0
  1553 | D:2      | Learned a level 2 spell: Static Discharge
  2225 | D:3      | Found a glowing silver altar of Zin.
  2352 | D:3      | Noticed a black bear
  2360 | D:3      | Killed a black bear
  2361 | D:3      | Reached skill level 5 in Spellcasting
  2361 | D:3      | Reached XP level 6. HP: 36/40 MP: 0/0
  2690 | D:3      | Found an opulent altar of Gozag.
  2972 | D:4      | Noticed Blork the orc
  2977 | D:4      | Killed Blork the orc
  2978 | D:4      | Reached XP level 7. HP: 36/45 MP: 0/0
  2978 | D:4      | Learned a level 3 spell: Portal Projectile
  2987 | D:4      | Reached skill level 6 in Spellcasting
  2987 | D:4      | Slain by a killer bee

Illustrated notes

Levels and vault maps discovered:
D:1:      dpeg_arrival_oval, layout_basic, basic_ecumenical_altar,
          grunt_decor_mini_mirrors
D:2:      minmay_recursive_quarters, layout_basic, basic_altar
D:3:      layout_basic, pdpol_temple_overflow_zin_treasury_gozag_greed,
          solitary_fountain
D:4:      corexii_shack_village, layout_cave_pools, uniq_blork_the_orc,
          uniq_pikel, uniq_crazy_yiuf_cottage

Skill      XL: |  1  2  3  4  5  6  7 |
---------------+----------------------+-----
Spellcasting   | 4 5 6 |  6.0
Stealth        | 2 |  2.5
Fighting       | |  0.4
Short Blades   | |  0.6
Dodging        | |  2.8

Action                   |  1- 3 |  4- 6 |  7- 9 || total
-------------------------+-------+-------+-------++-------
Melee: Dagger            |     5 |     3 |     3 ||    11
 Cast: Magic Dart        |    60 |    17 |       ||    77
       Searing Ray       |     1 |     9 |     1 ||    11
       Foxfire           |       |    18 |       ||    18
       Fulminant Prism   |       |     1 |     1 ||     2
Armor: Robe              |     2 |     1 |     1 ||     4
Dodge: Dodged            |     8 |     6 |     3 ||    17
